 Dungeon Crawl Stone Soup version 0.30-a0-799-g109b55a442 (webtiles) character file.

Game seed: 4569339573547268392

50 hikkokomori the Conjurer (level 3, 0/22 HPs)
             Began as a Gargoyle Reaver on Feb 20, 2023.
             Slain by an ogre
             ... wielding a +0 giant spiked club
              (22 damage)
             ... on level 2 of the Dungeon.
             The game lasted 00:02:33 (1624 turns).

hikkokomori the Conjurer (Gargoyle Reaver)          Turns: 1624, Time: 00:02:34

Health: 0/22       AC:  6    Str: 15    XL:     3   Next: 79%
Magic:  6/6        EV: 11    Int: 15    God:
Gold:   28         SH:  0    Dex:  8    Spells: 3/6 levels left

rFire   . . .      SeeInvis .    a - +0 mace
rCold   . . .      Faith    .    (no shield)
rNeg    + . .      Spirit   .    b - +0 leather armour
rPois   ∞          Reflect  .    (no helmet)
rElec   +          Harm     .    (no cloak)
rCorr   .          Rampage  .    (no gloves)
Will    .....                    (no boots)
Stlth   +                        (no amulet)
HPRegen 0.23/turn                (no ring)
MPRegen 0.10/turn                (no ring)

@: no status effects
A: sickness immunity, AC +3, negative energy resistance 1, electricity
resistance, torment resistance 1, petrification resistance
a: no special abilities


You were on level 2 of the Dungeon.
You visited 1 branch of the dungeon, and saw 2 of its levels.

You collected 28 gold pieces.

Inventory:

Hand Weapons
 a - a +0 mace (weapon)
Armour
 b - a +0 leather armour (worn)
Potions
 d - 2 potions of might {unknown}


   Skills:
 + Level 2.8 Fighting
 + Level 3.4 Maces & Flails
 - Level 1.5 Dodging
 + Level 1.6 Stealth
 - Level 2.0 Spellcasting
 + Level 3.8 Conjurations
 + Level 0.5 Translocations


You had 3 spell levels left.
You knew the following spells:

 Your Spells              Type           Power      Damage    Failure   Level
a - Kiss of Death         Conj/Necr      28%        2d7       13%         1
b - Momentum Strike       Conj/Tloc      16%        3d8       17%         2

Your spell library contained the following spells:

 Spells                   Type           Power      Damage    Failure   Level
 Hailstorm                Conj/Ice       7%         3d4       36%         3


Dungeon Overview and Level Annotations

Branches:
Dungeon (2/15)

Altars:


Innate Abilities, Weirdness & Mutations

You are immune to sickness and miasma.
Your stone body is resilient. (AC +3)
You are immune to poison.
You resist negative energy. (rN+)
You are resistant to electric shocks. (rElec)
You are resistant to unholy torment.
You are immune to petrification.


Message History

The helpless rat fails to defend itself.
You hit the rat.
You kill the rat!
No target in view!
No target in view!
No target in view!
No target in view!
No target in view!
No target in view!
No target in view!
No target in view!
No target in view!
No target in view!
No target in view!
No target in view!
No target in view!
An ogre is nearby!
An ogre is nearby!
Throw: 3 darts (poison)
Press: ? - help, Shift-Dir - straight line, f - ogre
Aim: an ogre, wielding a +0 giant spiked club (71% to hit)
You throw a poisoned dart. The poisoned dart hits the ogre.
The ogre is poisoned.
Throw: 2 darts (poison)
Press: ? - help, Shift-Dir - straight line, f/p - ogre
Aim: an ogre, wielding a +0 giant spiked club (lightly wounded, poisoned, 71% to hit)
You throw a poisoned dart. The poisoned dart hits the ogre.
The ogre looks even sicker.
The ogre is lightly wounded.
Throw: dart (poison)
Press: ? - help, Shift-Dir - straight line, f/p - ogre
Aim: an ogre, wielding a +0 giant spiked club (lightly wounded, very poisoned, 71% to hit)
You throw a poisoned dart. The poisoned dart hits the ogre.
The ogre looks even sicker.
The ogre is lightly wounded.
You hit the ogre.
The ogre is moderately wounded.
The ogre hits you with a +0 giant spiked club!!
Ouch! That really hurt!
You die...

#..........# .# #.#####.#.#.
#..........##.###
#.......#.#?
#.......?.$##....
#.....#.#... ..........#....#
.#.....#####.
..........(...##.#...........
.........(...##.#.....######
#..(..##.#.##### #..O.##.#.#
#@###.#.# #...#.#.#
###...#.##########
##..#...........
##.#...........
####.............
#................
#....#...######## #..†.#.#.#


You could see an ogre (very poisoned).

Vanquished Creatures
  A dart slug (D:1)
  A ball python (D:1)
  4 endoplasms
  3 giant cockroaches (D:1)
  6 hobgoblins
  7 jackals (D:1)
  5 kobolds (D:1)
  2 quokkas (D:1)
  3 bats (D:1)
  3 goblins (D:1)
  5 rats
40 creatures vanquished.

Notes
Turn   | Place    | Note
-------+----------+-------------------------------------------
     0 | D:1      | hikkokomori the Gargoyle Reaver began the quest for the
                  | Orb.
     0 | D:1      | Reached XP level 1. HP: 12/12 MP: 3/3
   218 | D:1      | Reached XP level 2. HP: 14/18 MP: 5/5
   269 | D:1      | Reached skill level 1 in Stealth
   445 | D:1      | Learned a level 2 spell: Momentum Strike
   538 | D:1      | Reached XP level 3. HP: 9/22 MP: 6/6
  1306 | D:2      | Noticed an ogre
  1624 | D:2      | Slain by an ogre

Illustrated notes

Levels and vault maps discovered:
D:1:      psy_arrival_radial02, layout_basic
D:2:      layout_basic, basic_altar

Skill      XL: |  1  2 |
---------------+-------+-----
Stealth        | 1 |  1.6
Fighting       | |  2.8
Maces & Flails | |  3.4
Dodging        | |  1.5
Spellcasting   | |  2.0
Conjurations   | |  3.8
Translocations | |  0.5

Action                     || total
---------------------------++-------
  Melee: Mace              ||   147
         Punch             ||     2
  Throw: Dart              ||     3
    Use: Scroll            ||     1
   Stab: Sleeping          ||     1
 Armour: Leather armour    ||    78
  Dodge: Dodged            ||   114

Table legend: (Time is in decaauts)
 A = Elapsed time spent in this place.
 B = Non-inter-level travel time spent in this place.
 C = Inter-level travel time spent in this place.
 D = Time resting spent in this place.
 E = Time spent auto-exploring this place.
 F = Levels seen in this place.
 G = Mean time per level.
                   A        B        C        D        E       F      G
               +--------+--------+--------+--------+--------+-----+--------+
         Total |   1659 |   1575 |     84 |      3 |   1228 |   2 |  829.5 |
       Dungeon |   1659 |   1575 |     84 |      3 |   1228 |   2 |  829.5 |
               +--------+--------+--------+--------+--------+-----+--------+

Top non-repeatable levels by time:
     D:1: 1400 daAuts
     D:2: 259 daAuts
